[Event "*** Titled Tuesday Blitz"]
[Site "Chess.com"]
[Date "2020.10.20"]
[Round "4"]
[White "HrvojeZagreb"]
[Black "denispopov"]
[Result "1-0"]
[WhiteElo "2199"]
[BlackElo "1952"]
[TimeControl "180+1"]
[EndTime "10:41:19 PDT"]
[Termination "HrvojeZagreb won on time"]

1. d4 Nf6 2. Bf4 g6 3. Nc3 d5 4.
e3 Bg7 5. h4 h5 6. Nf3 O-O 7. Ne5 Nbd7 8. Bd3 c5 9. f3 cxd4 10. exd4 Nxe5 11. Bxe5 Be6 12. Qd2 Nd7 13. Bxg7 Kxg7 14. g4 hxg4 15. h5 Rh8 16. h6+ Kh7 17. O-O-O gxf3 18. Qf4 Nf6 19. Rde1 Qd6 20. Qxf3 Bg4 21.
Qg2 a6 22. Re5 Rad8 23. Nxd5 Nxd5 24. Qxg4 Nf6 25. Qf3 Qc6 26. Qxc6 bxc6 27. Rxe7 Rhf8 28. Rf1 Rd6 29. Bxa6 Kxh6 30. c3 Kg7 31. Bc4 Rb8 32.
Kc2 Rc8 33. b4 1-0

[Event "*** Titled Tuesday Blitz"]
[Site "Chess.com"]
[Date "2020.10.20"]
[Round "4"]
[White "Ajedrez_con_German"]
[Black "DenisQ"]
[Result "1/2-1/2"]
[WhiteElo "2461"]
[BlackElo "2667"]
[TimeControl "180+1"]
[EndTime "10:41:22 PDT"]
[Termination "Game drawn by repetition"]

1. d4 d5 2. Bf4 Nf6 3. e3 c5 4.
c3 Nc6 5. Nd2 Bf5 6. Ngf3 Qb6 7.
Qb3 c4 8. Qxb6 axb6 9. Nh4 Bd7 10. a3 Nh5 11. Bg3 Nxg3 12. hxg3 b5 13. Rc1 e5 14.
dxe5 Nxe5 15. Nhf3 Nc6 16. Be2 Bd6 17. Bd1 O-O 18. Bc2 h6 19. O-O Rfe8 20. Rfe1 Bc5 21. Nd4 Nxd4 22. exd4 Bd6 23. Rxe8+ Rxe8 24. Kf1 f6 25.
Re1 Kf7 26. Nf3 Rxe1+ 27. Kxe1 g5 28. Ke2 Bg4 29. Ke1 Ke6 30. Nd2 f5 31. Bd1 Bxd1 32.
Kxd1 g4 33. Ke2 f4 34. gxf4 Bxf4 35. g3 Bg5 36. Kd1 Kf5 37. Ke2 Bxd2 38. Kxd2 Ke4 39. Ke2 h5 40. Kd2 Kf3 41. Ke1 Kg2 42. Ke2 Kg1 43. Ke1 Kg2 44. Ke2 Kg1 45. Ke1 Kg2 1/2-1/2

[Event "*** Titled Tuesday Blitz"]
[Site "Chess.com"]
[Date "2020.10.20"]
[Round "4"]
[White "mjray79"]
[Black "Pertinhez76"]
[Result "0-1"]
[WhiteElo "2391"]
[BlackElo "2149"]
[TimeControl "180+1"]
[EndTime "10:41:22 PDT"]
[Termination "Pertinhez76 won by resignation"]

1. d4 Nf6 2. c4 e5 3. dxe5 Ng4 4.
Bf4 Nc6 5. Nf3 Bb4+ 6. Nbd2 Qe7 7. a3 Ngxe5 8. Nxe5 Bxd2+ 9. Qxd2 Nxe5 10. e3 d6 11. Rc1 b6 12. Qd5 Rb8 13. Bxe5 dxe5 14. c5 O-O 15. c6 Rd8 16. Qe4 Qd6 17. Qc2 Bf5 18.
Qc3 Be4 19. f3 Bxc6 20. Be2 Ba4 21. Qxc7 Qd2+ 22. Kf2 Qxb2 23. Rhe1 h6 24. Qxa7 Bb5 25. Rc7 e4 26. Rxf7 Ra8 27. Qb7 Rab8 28. Qc7 Rbc8 29. Qe7 Rd2 30. Qe6 Rxe2+ 31. Rxe2 Qxe2+ 32. Kg3 Qc4 33.
Rxg7+ Kxg7 34. Qe5+ Kf8 35. Qh8+ Ke7 36. Qe5+ Kd7 37. Qg7+ Kc6 38. Qf6+ Kb7 39. Qe7+ Qc7+ 0-1

[Event "*** Titled Tuesday Blitz"]
[Site "Chess.com"]
[Date "2020.10.20"]
[Round "4"]
[White "canary2016"]
[Black "shineatchess"]
[Result "0-1"]
[WhiteElo "1943"]
[BlackElo "2195"]
[TimeControl "180+1"]
[EndTime "10:41:22 PDT"]
[Termination "shineatchess won by checkmate"]

1. d4 d5 2. c4 e6 3. Nf3 Nf6 4. g3 dxc4 5. Bg2 Bd7 6. O-O Bc6 7. Bf4 Nbd7 8. Qc2 Nb6 9. Rd1 Be4 10. Qc1 Bd6 11.
Nc3 Bxf4 12. Qxf4 Bxf3 13. Bxf3 Nbd5 14. Qd2 O-O 15. e4 Nb6 16. Rac1 c6 17. Qe2 Qe7 18. Nb1 Rfd8 19. Na3 e5 20. dxe5 Rxd1+ 21. Rxd1 Qxe5 22. Nxc4 Nxc4 23. Qxc4 Qxb2 24. Qd3 Qe5 25. Qb3 b6 26. Qc4 c5 27. Bg2 g6 28. f4 Qe7 29. e5 Rd8 30.
Rxd8+ Qxd8 31. exf6 Qxf6 32. Bd5 Kg7 33. Qb3 Qd4+ 34. Kg2 f6 35. Qc4 Qd2+ 36. Kh3 Qd1 37. Bg2 Qh5# 0-1

[Event "*** Titled Tuesday Blitz"]
[Site "Chess.com"]
[Date "2020.10.20"]
[Round "4"]
[White "UmarovSabir"]
[Black "Iskusnyh"]
[Result "0-1"]
[WhiteElo "2351"]
[BlackElo "2559"]
[TimeControl "180+1"]
[EndTime "10:41:23 PDT"]
[Termination "Iskusnyh won on time"]

1. e4 e6 2. d4 d5 3. Nd2 c5 4.
exd5 Qxd5 5. Ngf3 cxd4 6. Bc4 Qd7 7. Nb3 Nc6 8. Nbxd4 Nxd4 9. Qxd4 Qxd4 10. Nxd4 Bd7 11. O-O O-O-O 12. Be3 Nf6 13. h3 Be7 14. Rad1 a6 15.
c3 Ne4 16. Nb3 Nd6 17. Be2 Bb5 18. Bxb5 Nxb5 19. Bb6 Rd6 20. Bc5 Rxd1 21. Rxd1 Rd8 22. Rxd8+ Bxd8 23. Kf1 Kd7 24. Ke2 e5 25. Bf8 g6 26. Nc5+ Kc6 27. Nd3 f6 28. f3 Nc7 29.
Ba3 Ne6 30. Nb4+ Kd7 31. Nd3 Bb6 32. b3 h5 33. Bb2 g5 34. Bc1 h4 35. Be3 Bxe3 36.
Kxe3 Kd6 37. Nf2 f5 38. Nd3 b5 39. c4 bxc4 40. bxc4 Nc5 41. Nxc5 Kxc5 42. Kd3 Kb4 43. a3+ Kc5 44. Kc3 e4 45. fxe4 fxe4 46. a4 a5 47.
Kd2 Kxc4 48. Ke3 Kd5 0-1

[Event "*** Titled Tuesday Blitz"]
[Site "Chess.com"]
[Date "2020.10.20"]
[Round "4"]
[White "Annawel"]
[Black "Jumbo"]
[Result "1-0"]
[WhiteElo "2925"]
[BlackElo "2769"]
[TimeControl "180+1"]
[EndTime "10:41:24 PDT"]
[Termination "Annawel won by checkmate"]

1. e4 e6 2. d4 d5 3. Nc3 Nf6 4. e5 Nfd7 5. Nce2 c5 6. c3 Nc6 7. Nf3 Qa5 8. Bf4 b5 9. a3 Qb6 10. g3 a5 11. h4 Ba6 12. Bh3 b4 13. O-O Be7 14. Re1 h6 15. Be3 bxa3 16. bxa3 Rb8 17.
Nf4 g5 18. Nxe6 fxe6 19. Bxe6 gxh4 20. Nxh4 Bxh4 21. Qh5+ Kd8 22. Qxh4+ Ne7 23. Bxd7 Kxd7 24. e6+ Kd8 25. dxc5 Qc6 26. Bf4 Rb2 27. Bd6 Re8 28.
Rab1 Qb5 29. Rxb2 Qxb2 30. Qa4 Qb5 31. Qd4 Kc8 32. a4 Qd3 33. Qf6 Qd2 34. Rb1 Nc6 35.
Qf7 Rd8 36. Qc7# 1-0

[Event "*** Titled Tuesday Blitz"]
[Site "Chess.com"]
[Date "2020.10.20"]
[Round "4"]
[White "NikolaGry"]
[Black "rasmussvane"]
[Result "1-0"]
[WhiteElo "2713"]
[BlackElo "2891"]
[TimeControl "180+1"]
[EndTime "10:41:24 PDT"]
[Termination "NikolaGry won by resignation"]

1. e4 c6 2. Nf3 d5 3. Nc3 dxe4 4. Nxe4 Nf6 5. Nxf6+ exf6 6. d4 Bd6 7. Be2 O-O 8.
O-O Re8 9. Re1 Nd7 10. c4 Nf8 11. Be3 Ng6 12. Qb3 Rb8 13. Rad1 b6 14. Qa4 Qc7 15.
c5 Bf8 16. d5 b5 17. d6 bxa4 18. dxc7 Ra8 19. Rd8 Bb7 20. Red1 Be7 21. Rxe8+ Rxe8 22. Rd4 Rc8 23. Rxa4 a6 24. Bxa6 Bxa6 25. Rxa6 Rxc7 26.
b4 Nf8 27. Nd4 Ne6 28. Nxc6 Bf8 29. g3 g5 30. g4 Kg7 31. a4 Kg6 32. Rb6 h5 33. h3 hxg4 34. hxg4 f5 35. gxf5+ Kxf5 36. a5 Kg4 37. Kg2 f6 38. a6 Rh7 39. f3+ Kf5 40. a7 Nc7 41. Rb7 Rd7 42. Rxc7 Rxc7 43. a8=Q 1-0

[Event "*** Titled Tuesday Blitz"]
[Site "Chess.com"]
[Date "2020.10.20"]
[Round "4"]
[White "tdf98pantani"]
[Black "amintabatabaei"]
[Result "0-1"]
[WhiteElo "2723"]
[BlackElo "2952"]
[TimeControl "180+1"]
[EndTime "10:41:25 PDT"]
[Termination "amintabatabaei won by resignation"]

1. e4 e5 2. Nf3 Nc6 3. Bc4 Bc5 4. c3 Nf6 5. d3 d6 6. Nbd2 a5 7. Bb5 O-O 8. O-O Bd7 9. Re1 Re8 10. Nf1 Bb6 11. Ng3 Ne7 12. Bc4 Ng6 13. h3 a4 14.
d4 h6 15. Be3 exd4 16. Bxd4 Bxd4 17. Qxd4 b5 18. Bf1 Bc6 19. Rad1 Re6 20. Nf5 Bxe4 21. Ng3 Bxf3 22. gxf3 Qd7 23. f4 Nh4 24. Qd3 Rae8 25. Rxe6 Qxe6 26. Qxb5 Qxa2 27. Nh5 Qe6 28. Nxf6+ gxf6 29. Qxa4 f5 30. Rd3 Kh7 31. Rg3 Rg8 32.
Qc4 Rxg3+ 33. fxg3 Qe3+ 34. Kh2 Qf2+ 35. Kh1 d5 36.
Qd3 Nf3 37. Qxf5+ Kh8 38. Qf6+ Kg8 39. Qd8+ Kg7 0-1

[Event "*** Titled Tuesday Blitz"]
[Site "Chess.com"]
[Date "2020.10.20"]
[Round "4"]
[White "night_player"]
[Black "TheMagnet"]
[Result "0-1"]
[WhiteElo "2275"]
[BlackElo "2587"]
[TimeControl "180+1"]
[EndTime "10:41:25 PDT"]
[Termination "TheMagnet won on time"]

1. e4 c5 2. c3 Nf6 3. e5 Nd5 4. Nf3 d6 5. exd6 Qxd6 6. d4 cxd4 7. cxd4 Nc6 8. Nc3 Bf5 9. Bc4 Nb6 10. Bb3 e6 11. O-O Be7 12. d5 exd5 13. Nxd5 Nxd5 14. Qxd5 Qxd5 15. Bxd5 O-O 16. Bb3 Bf6 17. a3 Rfe8 18. Ba4 Be4 19. Be3 Bxb2 20. Ra2 Bf6 21. Rc1 Red8 22.
Ng5 Bd5 23. Rac2 h6 24. Nf3 g5 25. h3 Kg7 26. Rd2 Bxf3 27. gxf3 Ne5 28. Rxd8 Nxf3+ 29. Kg2 Nh4+ 30. Kf1 Rxd8 31. Rc7 Nf5 32. Bb3 Nxe3+ 33. fxe3 Rd3 34. Bxf7 Rxe3 35. Rxb7 Rxa3 36. Bh5+ Kg8 37. Rb8+ Kh7 38. Rb7+ Bg7 39. Bg4 Ra5 40. Kg2 Kg6 41.
Rd7 Bf6 42. Bf3 Ra2+ 43. Kg3 Be5+ 0-1

[Event "*** Titled Tuesday Blitz"]
[Site "Chess.com"]
[Date "2020.10.20"]
[Round "4"]
[White "LyonBeast"]
[Black "igorkovalenko"]
[Result "1-0"]
[WhiteElo "3032"]
[BlackElo "2810"]
[TimeControl "180+1"]
[EndTime "10:41:26 PDT"]
[Termination "LyonBeast won by checkmate"]

1. Nf3 c5 2. e3 g6 3. d4 Bg7 4.
Be2 Nf6 5. O-O O-O 6. dxc5 Qc7 7. c4 Qxc5 8. Nc3 d6 9. b3 Nc6 10. Bb2 Rb8 11. Rc1 Qa5 12. a3 Be6 13. b4 Qd8 14.
Qd2 Nd7 15. Ng5 a5 16. Nxe6 fxe6 17. Bg4 axb4 18. Bxe6+ Kh8 19. axb4 Nxb4 20. Ne4 Na6 21.
Ng5 Ndc5 22. Nf7+ Rxf7 23. Bxf7 Qf8 24. Bd5 Nb3 25. Qe2 Nxc1 26. Rxc1 Nc5 27. Ba3 b6 28. g3 Qf5 29. Rd1 Rf8 30. Bb4 Bf6 31. Kg2 Kg7 32. f4 Qd7 33. g4 h6 34. h3 Qa4 35. Rb1 g5 36. Be1 Rb8 37. h4 Qa3 38. Bb4 Qa7 39. hxg5 hxg5 40. Rh1 Rh8 41. fxg5 Bxg5 42.
Rxh8 Kxh8 43. Qf2 Bf6 44. g5 Nd3 45. Qh4+ Kg7 46. Qh6# 1-0

[Event "*** Titled Tuesday Blitz"]
[Site "Chess.com"]
[Date "2020.10.20"]
[Round "4"]
[White "IngOscarArdila"]
[Black "MatyChess1"]
[Result "0-1"]
[WhiteElo "2190"]
[BlackElo "2552"]
[TimeControl "180+1"]
[EndTime "10:41:26 PDT"]
[Termination "MatyChess1 won by resignation"]

1. d4 Nf6 2. c4 e6 3. Nc3 Bb4 4.
Bd2 O-O 5. Nf3 d5 6. e3 b6 7. cxd5 exd5 8. Bd3 Bb7 9. O-O c5 10. Ne5 Nc6 11. Nxc6 Bxc6 12. a3 Ba5 13. Qf3 Re8 14.
Qf5 Qd6 15. Rac1 Re6 16. h3 Ne4 17. Nxe4 dxe4 18. Bxa5 exd3 19. dxc5 Qe7 20. cxb6 Re5 21. Bb4 Qe8 22. Qxd3 Bb5 23. Qd4 axb6 24. Rfd1 h6 25. Bc3 Rg5 26. f4 Rg6 27. f5 Rg5 28. h4 Rg3 29. Kf2 Qb8 30. Qe5 Rg4 31. Rd7 Qxe5 32. Bxe5 Bxd7 33. Kf3 Bxf5 34. Bf4 h5 35. e4 Be6 36.
Rc7 Rc8 37. b4 Rxc7 38. Bxc7 b5 39. g3 Bb3 40. Bf4 f6 41. Ke3 Kf7 42. Kd4 Ke6 43.
Kc5 Ba4 44. Kd4 g5 45. hxg5 fxg5 46. Bb8 h4 47. gxh4 gxh4 0-1

[Event "*** Titled Tuesday Blitz"]
[Site "Chess.com"]
[Date "2020.10.20"]
[Round "4"]
[White "MidnightFox"]
[Black "Playgood28"]
[Result "1-0"]
[WhiteElo "2439"]
[BlackElo "2293"]
[TimeControl "180+1"]
[EndTime "10:41:26 PDT"]
[Termination "MidnightFox won on time"]

1. Nf3 f5 2. g3 d6 3. d4 g6 4.
Bg2 Nf6 5. O-O Bg7 6. c4 c6 7. Nc3 O-O 8. b3 Qc7 9. d5 e5 10. dxe6 Bxe6 11. Bb2 Na6 12. Rc1 Rfe8 13. Qc2 d5 14. cxd5 Nxd5 15. Nxd5 Bxd5 16. Bxg7 Qxg7 17. Rfd1 Qe7 18. e3 Nb4 19. Qd2 Be4 20. Nd4 Bxg2 21.
Kxg2 Nd5 22. Nf3 Rad8 23. Qc2 a6 24. Rd4 Nf6 25. Rcd1 Rxd4 26. Rxd4 Rd8 27. Qd1 Rxd4 28. Qxd4 Nd5 29. h4 Qg7 30. Qc5 Qf8 31. Qa5 Qe7 32.
a3 Nf6 33. b4 Ne4 34. Qb6 Kf7 35. a4 Kg7 36. b5 axb5 37. axb5 cxb5 38. Qxb5 Kf7 39.
Ne5+ Kg7 40. f4 Qc7 41. Qb3 b5 42. Kh3 Nf2+ 43. Kg2 Ne4 44. h5 b4 45. h6+ Kxh6 46. Qg8 Qc2+ 47. Kh3 Nd6 48. Qf8+ Kh5 49. Qg7 1-0

[Event "*** Titled Tuesday Blitz"]
[Site "Chess.com"]
[Date "2020.10.20"]
[Round "4"]
[White "QuintilianoR"]
[Black "Das_Virus_2020"]
[Result "1-0"]
[WhiteElo "2651"]
[BlackElo "2423"]
[TimeControl "180+1"]
[EndTime "10:41:27 PDT"]
[Termination "QuintilianoR won by resignation"]

1. e4 e6 2. d4 d5 3. Nd2 Nf6 4.
e5 Nfd7 5. Bd3 c5 6. c3 Nc6 7. Ne2 cxd4 8. cxd4 f6 9. exf6 Nxf6 10. O-O Bd6 11. Nf3 O-O 12. Bf4 Bxf4 13. Nxf4 Ne4 14.
Qc1 Qf6 15. Ne2 Bd7 16. Qe3 Nd6 17. Ne5 Be8 18. Ng3 Nb4 19. Rfe1 Nxd3 20. Nxd3 Bf7 21.
Qf4 Nb5 22. Ne2 Rac8 23. Rac1 Bg6 24. Qxf6 gxf6 25. Nc5 e5 26. dxe5 fxe5 27. Nd7 Rxc1 28. Rxc1 Re8 29. Nf6+ Kg7 30. Nxe8+ Bxe8 31. a4 Nd6 32. Rc7+ Kg6 33. Nc3 d4 34. Nb5 Nxb5 35. axb5 Bxb5 36. Rxb7 a6 37. f3 h5 38. Kf2 Kf5 39.
Rb6 e4 40. fxe4+ Kxe4 41. Rh6 d3 42. Ke1 Ke3 43. Re6+ Kd4 44. Kd2 Bc4 45. Rh6 Bf7 46. Rxa6 Bd5 47. Ra5 1-0

[Event "*** Titled Tuesday Blitz"]
[Site "Chess.com"]
[Date "2020.10.20"]
[Round "4"]
[White "NeverW84M8"]
[Black "vovachesss"]
[Result "0-1"]
[WhiteElo "2460"]
[BlackElo "2687"]
[TimeControl "180+1"]
[EndTime "10:41:28 PDT"]
[Termination "vovachesss won by resignation"]

1. d4 Nf6 2. c4 c6 3. Nf3 d5 4. Qc2 dxc4 5. Qxc4 Bf5 6. Nc3 e6 7. g3 Nbd7 8. Bg2 Bd6 9. O-O O-O 10. Re1 Bg6 11. Nh4 e5 12. Nxg6 hxg6 13. dxe5 Nxe5 14. Qb3 Qe7 15. h3 Nd3 16. Rd1 Nxc1 17. Raxc1 Rad8 18. e3 Be5 19. Kf1 Rd6 20. Rxd6 Bxd6 21. Rd1 Be5 22. Bf3 Rb8 23. a4 Nd7 24. Qc4 Bf6 25. Be4 Ne5 26.
Qb3 b5 27. axb5 cxb5 28. Nd5 Qe6 29. Nxf6+ Qxf6 30. h4 Nc4 31. Rd4 Re8 32. Kg2 a6 33. Bd5 Ne5 34. Rf4 Qe7 35. Re4 Qd8 36. f4 Nc4 37.
Rxe8+ Qxe8 38. e4 Qc8 39. Qc3 Qc5 40. b4 Ne3+ 0-1

[Event "*** Titled Tuesday Blitz"]
[Site "Chess.com"]
[Date "2020.10.20"]
[Round "4"]
[White "Euwe1234"]
[Black "medalja"]
[Result "1-0"]
[WhiteElo "2315"]
[BlackElo "2407"]
[TimeControl "180+1"]
[EndTime "10:41:28 PDT"]
[Termination "Euwe1234 won on time"]

1. Nf3 Nf6 2. c4 e6 3. Nc3 d5 4. e3 Be7 5. b3 O-O 6. Bb2 c5 7. cxd5 Nxd5 8. Be2 Nc6 9. O-O a6 10. d4 Nxc3 11. Bxc3 cxd4 12. Nxd4 Bd7 13. Bf3 Rc8 14.
Qd2 Nxd4 15. Bxd4 Bc6 16. Bxc6 Rxc6 17. Rfd1 Qc7 18. Rac1 Rc8 19. Bb2 h6 20. h3 Qb6 21.
Rxc6 Rxc6 22. Qd7 Rc7 23. Qe8+ Kh7 24. Be5 Qc6 25. Qxf7 Bd6 26. Qxe6 Bxe5 27. Qxe5 Rf7 28. Qd5 Qf6 29. Qe4+ g6 30. Rd2 Qa1+ 31. Kh2 Qc3 32. Rc2 Qf6 33. Qd5 h5 34. Qd4 Qe6 35. Qh4 Qe5+ 36.
Qg3 Qa5 37. e4 Qd8 38. e5 Qe7 39. Re2 Qe6 40. Rd2 Rf5 41. Rd6 Qe8 42. e6 Kh6 43.
Qe3+ Kg7 44. Rd7+ Kg8 45. Qh6 Qb8+ 46. Kg1 1-0

[Event "*** Titled Tuesday Blitz"]
[Site "Chess.com"]
[Date "2020.10.20"]
[Round "4"]
[White "Sharpchess22"]
[Black "TST2014"]
[Result "1-0"]
[WhiteElo "2771"]
[BlackElo "2510"]
[TimeControl "180+1"]
[EndTime "10:41:29 PDT"]
[Termination "Sharpchess22 won on time"]

1. d4 Nf6 2. Nf3 g6 3. Bf4 Bg7 4. Nc3 d5 5. e3 O-O 6. Nb5 Ne8 7. c4 c6 8. Nc3 Be6 9. Ng5 Bf5 10. Qb3 Nd7 11.
cxd5 cxd5 12. Qxd5 e6 13. Qxb7 e5 14. dxe5 Rb8 15. Qd5 Rxb2 16. Bc4 Nc7 17. Nxf7 Qe7 18. Qd6 Qxd6 19. Nxd6+ Be6 20. O-O Nxe5 21. Bxe6+ Nxe6 22. Bxe5 Bxe5 23. Nce4 Rc2 24. Rab1 Rxa2 25. Nc4 Bg7 26. Rb7 a5 27. Re7 Nd8 28. Ra7 a4 29. Nc5 Rc2 30. Rxa4 Nc6 31. Ne6 Rb8 32. Nxg7 Kxg7 33. Nd6 Rbb2 34.
g3 Ne5 35. Ra7+ Kf6 36. Ra4 h5 37. Ne4+ Ke6 38. h3 Nf3+ 39. Kg2 Ne5 40. Ng5+ Kf5 41. Nf3 Nd3 42. Nd4+ Ke5 43. Nxc2 Rxc2 44. Rd4 Rd2 45.
g4 hxg4 46. hxg4 g5 47. Kg3 Kf6 48. Ra1 Nxf2 49. Rf1 1-0

[Event "*** Titled Tuesday Blitz"]
[Site "Chess.com"]
[Date "2020.10.20"]
[Round "4"]
[White "NotFischer"]
[Black "zurzan"]
[Result "1-0"]
[WhiteElo "2250"]
[BlackElo "1998"]
[TimeControl "180+1"]
[EndTime "10:41:29 PDT"]
[Termination "NotFischer won by resignation"]

1. e4 Nf6 2. e5 Nd5 3. d4 d6 4. c4 Nb6 5. exd6 cxd6 6. Nc3 g6 7. Nf3 Bg7 8. Be2 O-O 9. O-O e5 10. d5 N8d7 11. Bd2 a5 12. Rb1 Nc5 13. b3 f5 14. Be3 Nbd7 15. Nb5 f4 16. Bc1 e4 17.
Nfd4 f3 18. gxf3 exf3 19. Bxf3 Ne5 20. Bg2 Bg4 21. Qc2 Bc8 22. Bb2 Qg5 23. Kh1 Ng4 24. f3 Ne3 25. Qd2 Bh6 26. Rfe1 Nxg2 27. Qxg2 Qd8 28. Ne6 Bxe6 29. dxe6 Qe7 30. Qh3 Bg7 31. Bxg7 Kxg7 32. Nc3 Qf6 33. Nd5 Qxf3+ 34. Qxf3 Rxf3 35.
e7 Re8 36. Nc7 Nd3 37. Nxe8+ Kh6 38. Nxd6 Nf2+ 39. Kg2 1-0

[Event "*** Titled Tuesday Blitz"]
[Site "Chess.com"]
[Date "2020.10.20"]
[Round "4"]
[White "GelmanAlexander"]
[Black "Chesstrainer1"]
[Result "1-0"]
[WhiteElo "2598"]
[BlackElo "2385"]
[TimeControl "180+1"]
[EndTime "10:41:30 PDT"]
[Termination "GelmanAlexander won by resignation"]

1. d4 Nf6 2. Nc3 g6 3. e4 d6 4.
f4 Bg7 5. Nf3 O-O 6. e5 Nfd7 7.
h4 c5 8. e6 cxd4 9. exd7 dxc3 10. dxc8=Q cxb2 11. Qxd8 bxa1=Q 12. Qc7 Nc6 13. Bd3 Rfc8 14.
Qxb7 Rab8 15. Qa6 Nb4 16. Qa4 Bc3+ 17. Kf2 Nxa2 18. Be3 Qb2 19. h5 a5 20. hxg6 hxg6 21.
Qd7 Bf6 22. f5 Rd8 23. Qa7 Nb4 24. fxg6 Rdc8 25. gxf7+ Kxf7 26. Ne1 Nxd3+ 27. Qxd3 Rh8 28. Rh7+ Rxh7 29. Qxh7+ Ke6 30. Qxa5 Rb5 31. Qd2 Rf5+ 32. Nf3 Be5 33. Qg6+ Rf6 34. Qg4+ Kf7 35. Qc4+ Kg7 36. Qdd5 Rf8 37. Qg4+ 1-0

[Event "*** Titled Tuesday Blitz"]
[Site "Chess.com"]
[Date "2020.10.20"]
[Round "4"]
[White "bazar-wokzal"]
[Black "Radzio1987"]
[Result "0-1"]
[WhiteElo "2524"]
[BlackElo "2819"]
[TimeControl "180+1"]
[EndTime "10:41:31 PDT"]
[Termination "Radzio1987 won by resignation"]

1. e4 c6 2. d4 d5 3. e5 Bf5 4.
Nc3 Qb6 5. g4 Bd7 6. f4 e6 7. Nf3 c5 8. Ne2 h5 9. gxh5 Nh6 10. c3 Nf5 11. Ng3 Nc6 12. Nxf5 exf5 13. dxc5 Bxc5 14. Qe2 Rxh5 15. b4 Be7 16. Be3 Qc7 17.
Rd1 Be6 18. Bg2 g6 19. a4 Kf8 20. a5 Kg7 21. a6 bxa6 22. Qxa6 Nb8 23. Qd3 a5 24. b5 Nd7 25. O-O Nc5 26. Bxc5 Bxc5+ 27. Kh1 a4 28. Ng5 Rah8 29. h3 Be7 30. Nf3 a3 31.
Ra1 Qc5 32. Nd4 Rh4 33. Kh2 Rc8 34. Rf3 Ra8 35. Ra2 Ra4 36. Bf1 Bd8 37. Qe3 Bb6 38.
Nxe6+ fxe6 39. Qxc5 Bxc5 40. Kg3 Rh8 41. c4 dxc4 42. Rc3 Rd8 43. Rxc4 Rxc4 44. Bxc4 Kf7 45. b6 Rb8 46. Rd2 Rxb6 47. Rd7+ Be7 48. Ra7 Rc6 49. Ba2 Rc2 50. Bb1 Rb2 51. Bd3 Rb3 0-1

[Event "*** Titled Tuesday Blitz"]
[Site "Chess.com"]
[Date "2020.10.20"]
[Round "4"]
[White "Unknown_IM"]
[Black "chessmadara"]
[Result "1/2-1/2"]
[WhiteElo "2373"]
[BlackElo "2147"]
[TimeControl "180+1"]
[EndTime "10:41:31 PDT"]
[Termination "Game drawn - insufficient material"]

1. e4 c5 2. Nc3 d6 3. f4 Nc6 4. Nf3 g6 5. Bc4 Bg7 6. O-O e6 7. d4 cxd4 8. Nb5 Nge7 9. Bb3 Na5 10. Nbxd4 Nxb3 11. axb3 O-O 12. Be3 Bd7 13. c4 Nc6 14.
Nxc6 Bxc6 15. Bd4 e5 16. fxe5 dxe5 17. Bxe5 Bxe4 18. Bxg7 Kxg7 19. Qxd8 Rfxd8 20. Ng5 Bf5 21. g4 Bxg4 22. Rxf7+ Kh6 23. h4 Rd7 24. Raf1 Rad8 25. Kg2 Rxf7 26. Rxf7 Rd7 27. Kg3 Bf5 28. Rxd7 Bxd7 29. Nf7+ Kg7 30. Nd6 b6 31. b4 Kf6 32.
Kf4 h6 33. Ne4+ Ke6 34. c5 Bc6 35. Nc3 bxc5 36. bxc5 Kf6 37. b4 a6 38. Ne2 g5+ 39.
hxg5+ hxg5+ 40. Ke3 Ke5 41. Nd4 Kd5 42. Nxc6 Kxc6 43. Ke4 a5 44. bxa5 Kxc5 45. Kf5 Kb5 46. Kxg5 Kxa5 1/2-1/2

[Event "*** Titled Tuesday Blitz"]
[Site "Chess.com"]
[Date "2020.10.20"]
[Round "4"]
[White "KaterynaLagno"]
[Black "Beca95"]
[Result "1/2-1/2"]
[WhiteElo "2689"]
[BlackElo "2889"]
[TimeControl "180+1"]
[EndTime "10:41:32 PDT"]
[Termination "Game drawn - insufficient material"]

1. e4 e5 2. Nf3 Nf6 3. Nxe5 d6 4.
Nf3 Nxe4 5. d4 d5 6. Bd3 Bd6 7. O-O O-O 8. c4 c6 9. Qb3 Na6 10. Re1 Nc7 11. c5 Be7 12. h3 f5 13. Ne5 Kh8 14.
Nd2 Ne6 15. Ndf3 g5 16. Be3 Qe8 17. Bxe4 dxe4 18. Nh2 Bf6 19. Rad1 f4 20. Bc1 Nxc5 21. Qc2 Bxe5 22. dxe5 b6 23. b4 Nd3 24. Rxe4 Nxc1 25. Qxc1 Bf5 26. Ree1 Qe7 27. Qxc6 Rac8 28. Qd6 Rfe8 29.
Nf3 Qg7 30. e6 g4 31. hxg4 Bxg4 32. Qxf4 Bxe6 33. Ng5 Bxa2 34. Rxe8+ Rxe8 35. g3 Bg8 36. Rd6 Rf8 37. Qe3 Rf5 38. Ne6 Qe5 39. Qxe5+ Rxe5 40. Nd4 Rd5 41. Rxd5 Bxd5 42. Kf1 Kg7 43. Ke2 Kf6 44. Kd3 Kg5 45. Nb5 a5 46. bxa5 bxa5 47. Nc3 Bc6 48. Kd4 Kg4 49. Kc5 Be8 50. Kb6 a4 51. Ka5 Kf3 52. Kb4 h5 53. Nd5 Kxf2 54. Nf6 Kxg3 55. Nxh5+ Bxh5 56. Kxa4 1/2-1/2

[Event "*** Titled Tuesday Blitz"]
[Site "Chess.com"]
[Date "2020.10.20"]
[Round "4"]
[White "ExtremeLearner"]
[Black "Ranindu2003"]
[Result "1-0"]
[WhiteElo "2375"]
[BlackElo "2544"]
[TimeControl "180+1"]
[EndTime "10:41:32 PDT"]
[Termination "ExtremeLearner won by checkmate"]

1. d4 Nf6 2. Nf3 e6 3. g3 d5 4. Bg2 Be7 5. O-O O-O 6. c4 dxc4 7. Qc2 a6 8. a4 Nc6 9. Qxc4 Na5 10. Qc2 b6 11.
Ne5 Bb7 12. Bxb7 Nxb7 13. Nc6 Qe8 14. Nxe7+ Qxe7 15. b3 Rfd8 16. Ba3 Qd7 17. e3 Rac8 18. Qe2 c5 19. dxc5 Nxc5 20. Bxc5 Rxc5 21. Na3 Qb7 22. Rfd1 Rdc8 23. Nc4 Ne4 24. Nd6 Nxd6 25. Rxd6 Rc1+ 26. Rd1 Rxa1 27. Rxa1 h6 28. Rd1 b5 29. axb5 axb5 30.
h4 Rc3 31. Qd2 Qc7 32. Qa2 Kh7 33. Qb1+ g6 34. h5 Qc6 35. hxg6+ fxg6 36. Qa1 h5 37. Qa7+ Kh6 38. Qb8 Rxb3 39. Qf8+ Kg5 40. Qf4# 1-0

[Event "*** Titled Tuesday Blitz"]
[Site "Chess.com"]
[Date "2020.10.20"]
[Round "4"]
[White "AleksanderHnydiuk"]
[Black "Pikachess999"]
[Result "1-0"]
[WhiteElo "2545"]
[BlackElo "2345"]
[TimeControl "180+1"]
[EndTime "10:41:32 PDT"]
[Termination "AleksanderHnydiuk won by resignation"]

1. Nf3 d5 2. d4 Nf6 3. c4 dxc4 4. e3 a6 5. Bxc4 b5 6. Bd3 Bb7 7. O-O e6 8. a4 b4 9. Nbd2 c5 10. e4 Nc6 11. e5 Nd7 12. Ne4 cxd4 13. Bf4 Qa5 14. Re1 O-O-O 15. Neg5 f6 16. exf6 Nxf6 17. Nxe6 Rd7 18. Rc1 Nd5 19. Bg3 Bd6 20. Bxd6 Rxd6 21. Rc5 Qb6 22. a5 Qa7 23. Nfxd4 Kb8 24. Qg4 Nxd4 25.
Qxd4 Re8 26. Bf5 g6 27. Bh3 Bc8 28. Rec1 Bxe6 29. Bxe6 Rexe6 30. Rc8+ Kb7 31. R8c7+ Nxc7 32. Rxc7+ Kxc7 33. Qxa7+ Kc8 34. g3 Rd7 35. Qc5+ Kd8 36. Qxb4 Red6 37. Kg2 Rd5 38. Qb6+ Ke7 39. Qxa6 R7d6 40.
Qe2+ Re6 41. Qc4 Rdd6 42. b4 Rc6 43. Qd4 Rcd6 44. Qg7+ Kd8 45. Qxh7 1-0

[Event "*** Titled Tuesday Blitz"]
[Site "Chess.com"]
[Date "2020.10.20"]
[Round "4"]
[White "eCztery"]
[Black "Oligan22"]
[Result "0-1"]
[WhiteElo "2254"]
[BlackElo "2422"]
[TimeControl "180+1"]
[EndTime "10:41:32 PDT"]
[Termination "Oligan22 won by resignation"]

1. e4 c5 2. Nf3 e6 3. d4 cxd4 4. Nxd4 a6 5. Nc3 Qc7 6. Nb3 Nf6 7. Bd3 b5 8. O-O Bb7 9. Bg5 Bd6 10. f4 h6 11.
Bxf6 gxf6 12. Qh5 Bxf4 13. Rae1 Rg8 14. Kh1 Nc6 15. Nc5 Rg5 16. Qxh6 O-O-O 17. Nxb7 Kxb7 18. Qxf6 Bd2 19. Re2 Rh5 20. h3 Bxc3 21. bxc3 Ne5 22. Qf4 Rdh8 23. Re3 Rh4 24. Qg3 Rg4 25. Qh2 Qc5 26. Rg3 Rgh4 27. Rg5 d6 28. Rxf7+ Kb6 29.
Rxe5 dxe5 30. Qg1 Rxh3+ 31. gxh3 Rxh3+ 32. Kg2 Rg3+ 33. Kxg3 Qxg1+ 34. Kh4 Qg6 35. Rd7 Qf6+ 36. Kg4 Qf4+ 37. Kh3 Kc5 38. Rc7+ Kb6 39. Re7 Qh6+ 40. Kg4 Qg6+ 41. Kf3 Qf6+ 42. Ke3 Qxe7 43. c4 Qc5+ 44. Kd2 bxc4 45. Be2 Qd4+ 46. Kc1 c3 47. Bd3 Qg1+ 0-1